 Dungeon Crawl Stone Soup version 0.29.1-14-g9c671dbff4 (webtiles) character file.

Game seed: 12839435135871663008

562 leafyfresh the Covert (level 7, -1/60 HPs)
             Began as a Gnoll Delver on Feb 13, 2023.
             Slain by a gnoll
             ... wielding a +1 flail of protection
             ... led by a gnoll bouda
              (6 damage)
             ... on level 4 of the Dungeon.
             The game lasted 00:07:29 (6729 turns).

leafyfresh the Covert (Gnoll Delver)                Turns: 6729, Time: 00:07:30

Health: -1/60      AC:  7    Str: 11    XL:     7   Next: 31%
Magic:  10/10      EV: 13    Int: 10    God:
Gold:   329        SH:  0    Dex: 15    Spells: 11/11 levels left

rFire   . . .      SeeInvis .   u - +0 whip
rCold   . . .      Faith    .   q - orb {light}
rNeg    + . .      Spirit   .   j - +2 leather armour {rPois}
rPois   +          Reflect  .   b - +0 hat
rElec   .          Harm     .   (no cloak)
rCorr   .          Rampage  .   r - +1 pair of gloves
Will    .....                   (no boots)
Stlth   ++........              (no amulet)
HPRegen 0.20/turn               h - ring of positive energy
MPRegen 0.12/turn               (no ring)

@: glowing
A: fangs 1, strong nose, distributed training
a: no special abilities


You were on level 4 of the Dungeon.
You visited 1 branch of the dungeon, and saw 5 of its levels.

You collected 329 gold pieces.

Inventory:

Hand Weapons
 a - a +0 short sword
 n - a +0 sling
 s - a +0 club
 u - a +0 whip (weapon)
Armour
 b - a +0 hat (worn)
 e - an orb of mayhem
 j - a +2 leather armour of poison resistance (worn)
 q - an orb of light (worn)
 r - a +1 pair of gloves (worn)
Jewellery
 h - a ring of positive energy (left hand)
 w - an amulet of guardian spirit
 D - a ring of willpower
Wands
 g - a wand of digging (3)
 C - a wand of paralysis (12)
Scrolls
 c - 2 scrolls of fog
 d - a scroll of magic mapping
 l - 3 scrolls of identify {unknown}
 m - a scroll of acquirement {unknown}
 p - a scroll of amnesia {unknown}
 t - 2 scrolls of poison {unknown}
 v - 5 scrolls of teleportation {unknown}
 x - a scroll of enchant weapon {unknown}
 y - a scroll of torment {unknown}
Potions
 f - 3 potions of haste
 i - a potion of attraction {unknown}
 k - a potion of brilliance {unknown}
 o - a potion of heal wounds {unknown}
 z - 4 potions of curing {unknown}
 A - 2 potions of berserk rage
 B - a potion of might {unknown}


   Skills:
 + Level 7.0 Fighting
 + Level 5.2 Short Blades
 + Level 2.5 Long Blades
 + Level 2.5 Axes
 + Level 2.5 Maces & Flails
 + Level 2.5 Polearms
 + Level 2.5 Staves
 + Level 2.5 Ranged Weapons
 + Level 2.5 Throwing
 + Level 2.5 Armour
 + Level 5.2 Dodging
 + Level 9.9 Stealth
 + Level 2.5 Shields
 + Level 2.5 Unarmed Combat
 + Level 2.5 Spellcasting
 + Level 2.0 Conjurations
 + Level 2.0 Hexes
 + Level 2.0 Summonings
 + Level 2.0 Necromancy
 + Level 2.0 Translocations
 + Level 2.0 Transmutations
 + Level 2.0 Fire Magic
 + Level 2.0 Ice Magic
 + Level 2.0 Air Magic
 + Level 2.0 Earth Magic
 + Level 2.0 Poison Magic
 + Level 2.8 Invocations
 + Level 2.5 Evocations


You had 11 spell levels left.
You didn't know any spells.
Your spell library contained the following spells:

 Spells                   Type           Power      Damage    Failure   Level
 Freeze                   Ice            20%        1d4       17%         1
 Necrotise                Necr           20%        1d5       17%         1
 Frozen Ramparts          Ice            10%        1d2       45%         3
 Dispel Undead            Necr           5%         3d7       86%         4
 Hailstorm                Conj/Ice       5%         3d4       86%         4
 Simulacrum               Ice/Necr       2%         N/A       100%        6
 Borgnjor's Revivificati  Necr           2%         N/A       100%        8


Dungeon Overview and Level Annotations

Branches:
Dungeon (5/15)             Temple (0/1) D:4

Altars:
Hepliaklqana

Shops:
D:2 !

Annotations:
D:5 3 runed translucent doors


Innate Abilities, Weirdness & Mutations

You have very sharp teeth.
Your uncanny sense of smell can sniff out nearby items.
Your experience applies equally to all skills.


Message History

The gnoll is heavily wounded.
The sentinel's mark upon you fades away.
The gnoll completely misses you.
You hit the gnoll but do no damage.
The gnoll is heavily wounded.
The gnoll misses you.
You hit the gnoll but do no damage.
The gnoll is heavily wounded.
The gnoll closely misses you.
Unknown command.
You hit the gnoll. You bite the gnoll, but do no damage.
The gnoll is severely wounded.
The gnoll closely misses you.
Unknown command.
You hit the gnoll. You bite the gnoll, but do no damage.
The gnoll is almost dead.
The gnoll hits you with a +1 flail of protection!
* * * LOW HITPOINT WARNING * * *
Unknown command.
You barely miss the gnoll.
The gnoll is almost dead.
The gnoll barely misses you.
Unknown command.
You hit the gnoll but do no damage.
The gnoll is almost dead.
The gnoll barely misses you.
Unknown command.
You hit the gnoll but do no damage. You bite the gnoll, but do no damage.
The gnoll is almost dead.
The gnoll hits you with a +1 flail of protection.
* * * LOW HITPOINT WARNING * * *
Unknown command.
You hit the gnoll but do no damage. You bite the gnoll, but do no damage.
The gnoll is almost dead.
The gnoll closely misses you.
Unknown command.
You hit the gnoll but do no damage.
The gnoll is almost dead.
The gnoll hits you with a +1 flail of protection.
You die...

....#
##......†.###.#....#
....#
#.........#..#.####
....#
#.........#..#....#
....#
#..g...........##.#
....#
#..........##.###.#
....###
###.......###...#.#
......# #......##
###.#.# ......#
#....)g# #.#.#
......# #.....@#
#.#.##### ......#
#...#########.#.#...#
......# #...#.
#.....#...#.# #######
#...#.>.#.†...#####.#
#...#...#.....'.....#
#...#.#.#.....#######
#...#...#.....#
#...#.>.#.....#
#####...#...###


You could see 2 gnolls.

Vanquished Creatures
  2 phantoms (D:5)
  A scorpion (D:4)
  A hound (D:4)
  Natasha (thrice) (D:4)
  An orc wizard (D:5)
  11 gnolls
  3 adders
  An ufetubus (D:5)
  A worm (D:4)
  3 dart slugs
  13 orcs
  5 ball pythons
  3 bats
  6 endoplasms
  4 giant cockroaches
  2 goblins
  6 hobgoblins
  2 quokkas
  2 frilled lizards (D:1)
  5 kobolds
  4 rats (D:1)
79 creatures vanquished.

Notes
Turn   | Place    | Note
-------+----------+-------------------------------------------
     0 | D:5      | Reached skill level 9 in Stealth
     0 | D:5      | leafyfresh the Gnoll Delver began the quest for the Orb.
     0 | D:5      | Reached XP level 1. HP: 23/23 MP: 1/1
   212 | D:1      | Got the Handbook of the Mortuary
   245 | D:1      | Reached XP level 2. HP: 29/29 MP: 2/2
   864 | D:1      | Reached XP level 3. HP: 35/35 MP: 3/3
   984 | D:1      | Reached skill level 1 in Invocations
  1261 | D:1      | Found a faded altar of an unknown god.
  1899 | D:2      | Reached skill level 1 in Long Blades
  1899 | D:2      | Reached skill level 1 in Axes
  1899 | D:2      | Reached skill level 1 in Maces & Flails
  1899 | D:2      | Reached skill level 1 in Polearms
  1899 | D:2      | Reached skill level 1 in Staves
  1899 | D:2      | Reached skill level 1 in Ranged Weapons
  1899 | D:2      | Reached skill level 1 in Throwing
  1899 | D:2      | Reached skill level 1 in Armour
  1899 | D:2      | Reached skill level 1 in Shields
  1899 | D:2      | Reached skill level 1 in Unarmed Combat
  1899 | D:2      | Reached skill level 1 in Spellcasting
  1899 | D:2      | Reached skill level 1 in Evocations
  1907 | D:2      | Reached XP level 4. HP: 4/41 MP: 5/5
  2463 | D:2      | Reached skill level 1 in Conjurations
  2463 | D:2      | Reached skill level 1 in Hexes
  2463 | D:2      | Reached skill level 1 in Summonings
  2463 | D:2      | Reached skill level 1 in Necromancy
  2463 | D:2      | Reached skill level 1 in Translocations
  2463 | D:2      | Reached skill level 1 in Transmutations
  2463 | D:2      | Reached skill level 1 in Fire Magic
  2463 | D:2      | Reached skill level 1 in Ice Magic
  2463 | D:2      | Reached skill level 1 in Air Magic
  2463 | D:2      | Reached skill level 1 in Earth Magic
  2463 | D:2      | Reached skill level 1 in Poison Magic
  2541 | D:2      | Found Tivuasm's Distillery.
  3469 | D:3      | You fall into a shaft and drop 2 floors!
  3470 | D:5      | Noticed a phantom
  3657 | D:4      | Reached XP level 5. HP: 39/47 MP: 7/7
  4153 | D:4      | Found a hazy altar of Hepliaklqana.
  4488 | D:4      | Found a staircase to the Ecumenical Temple.
  4711 | D:4      | Noticed Natasha
  4731 | D:4      | Killed Natasha
  5264 | D:4      | Noticed Natasha
  5284 | D:4      | Killed Natasha
  5285 | D:4      | Reached XP level 6. HP: 35/53 MP: 8/8
  5333 | D:4      | Noticed Natasha
  5347 | D:4      | Killed Natasha
  5348 | D:4      | Reached skill level 5 in Short Blades
  5348 | D:4      | Reached skill level 5 in Dodging
  5847 | D:5      | Found a runed translucent gate.
  5847 | D:5      | Found a runed translucent gate.
  5847 | D:5      | Found a runed translucent gate.
  5891 | D:5      | Reached XP level 7. HP: 10/60 MP: 10/10
  6352 | D:5      | HP: 3/60 [gnoll/+0 halberd (10)]
  6729 | D:4      | Slain by a gnoll

Illustrated notes

Levels and vault maps discovered:
D:1:      dpeg_arrival_fog, layout_rooms,
          shapermc_ecumenical_altar_mp_highgroup,
          chequers_serial_rivers_small_a, minmay_misc_feat_four_crosses,
          serial_park_tiny_1, nicolae_hexahallways, minmay_misc_feat_plants
D:2:      layout_loops_ring, serial_shops, shop, nrook_loot_triangle,
          corner_web_ring
D:3:      layout_loops_ring
D:4:      layout_basic, nzn_hepliaklqana_mist_gate,
          minmay_temple_entry_from_below_a, item_on_display_a, uniq_natasha
D:5:      layout_cave_pools, ebering_ghost_rock_garden

Skill      XL: |  1  2  3  4  5  6  7 |
---------------+----------------------+-----
Stealth        | |  9.9
Invocations    | 1 2 |  2.8
Long Blades    | 1 2 |  2.5
Axes           | 1 2 |  2.5
Maces & Flails | 1 2 |  2.5
Polearms       | 1 2 |  2.5
Staves         | 1 2 |  2.5
Ranged Weapons | 1 2 |  2.5
Throwing       | 1 2 |  2.5
Armour         | 1 2 |  2.5
Shields        | 1 2 |  2.5
Unarmed Combat | 1 2 |  2.5
Spellcasting   | 1 2 |  2.5
Evocations     | 1 2 |  2.5
Conjurations   | 1 2 |  2.0
Hexes          | 1 2 |  2.0
Summonings     | 1 2 |  2.0
Necromancy     | 1 2 |  2.0
Translocations | 1 2 |  2.0
Transmutations | 1 2 |  2.0
Fire Magic     | 1 2 |  2.0
Ice Magic      | 1 2 |  2.0
Air Magic      | 1 2 |  2.0
Earth Magic    | 1 2 |  2.0
Poison Magic   | 1 2 |  2.0
Short Blades   | 5 |  5.2
Dodging        | 5 |  5.2
Fighting       | 7 |  7.0

Action                   |  1- 3 |  4- 6 |  7- 9 || total
-------------------------+-------+-------+-------++-------
Melee: Short sword       |    25 |       |       ||    25
       Club              |    31 |     9 |       ||    40
       Bite              |     1 |    26 |    17 ||    44
       Whip              |       |   184 |    86 ||   270
 Fire: Sling             |    37 |    35 |       ||    72
  Use: Scroll            |     1 |     1 |       ||     2
 Stab: Sleeping          |     7 |     2 |       ||     9
       Distracted        |       |     1 |       ||     1
Armor: Leather armour    |    11 |    75 |    22 ||   108
Dodge: Dodged            |    45 |   142 |    76 ||   263
